[Event "Late-Titled-Tuesday-Blitz-September-05-2023"]
[Site "Chess.com"]
[Date "2023.09.05"]
[Round "11"]
[White "Sina_Movahed"]
[Black "FabianoCaruana"]
[Result "1-0"]
[WhiteElo "2996"]
[BlackElo "3071"]
[TimeControl "180+1"]
[EndTime "16:02:37 PDT"]
[Termination "Sina_Movahed won by resignation"]

1. e4 c5 2. Nf3 e6 3. d4 cxd4 4. Nxd4 Nc6 5. Nc3 Qc7 6. Be3 a6 7. g4 b5 8. Nxc6 dxc6 9. Qf3 e5 10. O-O-O Nf6 11. Rg1 Be6 12. g5 Nd7 13. Bh3 Nc5 14. Bf5 g6 15. Bxc5 Bxc5 16. Bxe6 fxe6 17. Qf6 Rf8 18.
Qxe6+ Be7 19. Rg3 Rf7 20. h4 Kf8 21. Rdd3 Re8 22. Qg4 Kg8 23. Rgf3 Bc5 24. Rf6 Qe7 25. Rxc6 Rf4 26. Qd1 Bd4 27. Nd5 Qb7 28. Rc7 Qb8 29.
c3 Bxf2 30. Nxf4 Qxc7 31. Nd5 Qc4 32. Nf6+ Kf7 33. Nxe8 1-0

[Event "Late-Titled-Tuesday-Blitz-September-05-2023"]
[Site "Chess.com"]
[Date "2023.09.05"]
[Round "11"]
[White "Rutricks"]
[Black "mishanick"]
[Result "0-1"]
[WhiteElo "2707"]
[BlackElo "3056"]
[TimeControl "180+1"]
[EndTime "16:02:42 PDT"]
[Termination "mishanick won by resignation"]

1. Nf3 d5 2. g3 g6 3. Bg2 Bg7 4. d4 c6 5. O-O Nf6 6. c3 O-O 7.
Re1 Nbd7 8. Nbd2 c5 9. e3 Re8 10. Ne5 b6 11. Nxd7 Qxd7 12. e4 cxd4 13. e5 dxc3 14.
bxc3 Ne4 15. Nxe4 dxe4 16. Bxe4 Rb8 17. Bf4 Qxd1 18. Rexd1 Bg4 19. Rd4 Rbc8 20. c4 g5 21. Bxg5 Bxe5 22. Be3 Bxd4 23. Bxd4 Rxc4 0-1

[Event "Late-Titled-Tuesday-Blitz-September-05-2023"]
[Site "Chess.com"]
[Date "2023.09.05"]
[Round "11"]
[White "AquivaRubinstein"]
[Black "Kosak12"]
[Result "0-1"]
[WhiteElo "2482"]
[BlackElo "2789"]
[TimeControl "180+1"]
[EndTime "16:02:44 PDT"]
[Termination "Kosak12 won by checkmate"]

1. d4 Nf6 2. c4 e6 3. Nf3 d5 4. Nc3 c5 5. cxd5 cxd4 6. Qa4+ Bd7 7. Qxd4 exd5 8. Nxd5 Qa5+ 9. Nc3 Nc6 10. Qd1 Ne4 11. Bd2 Nxd2 12. Qxd2 O-O-O 13. e3 Bf5 14. Nd4 Nxd4 15. exd4 Bc5 16. Be2 Bxd4 17. Qc1 Rhe8 18. Kf1 Kb8 19. h3 Ka8 20. Bf3 Qb6 21. Qf4 Qxb2 22.
Qxf5 Qxf2# 0-1

[Event "Late-Titled-Tuesday-Blitz-September-05-2023"]
[Site "Chess.com"]
[Date "2023.09.05"]
[Round "11"]
[White "jamengrand"]
[Black "infinitegiantkiller"]
[Result "0-1"]
[WhiteElo "2370"]
[BlackElo "2491"]
[TimeControl "180+1"]
[EndTime "16:02:49 PDT"]
[Termination "infinitegiantkiller won on time"]

1. e4 g6 2. d4 Bg7 3. Nc3 d6 4. Be3 Nf6 5. Qd2 O-O 6. Bh6 c5 7. Bxg7 Kxg7 8. d5 a6 9. f4 b5 10. e5 Nfd7 11. Nf3 Qc7 12. Qe3 Bb7 13. O-O-O c4 14.
h4 Nc5 15. h5 Nbd7 16. hxg6 hxg6 17. Qd4 dxe5 18. fxe5 e6 19. dxe6 fxe6 20. Ng5 Qxe5 21. Rh7+ Kf6 22. Qxe5+ Nxe5 0-1

[Event "Late-Titled-Tuesday-Blitz-September-05-2023"]
[Site "Chess.com"]
[Date "2023.09.05"]
[Round "11"]
[White "GaiozNigalidze"]
[Black "Russian_berezka"]
[Result "1-0"]
[WhiteElo "2783"]
[BlackElo "2613"]
[TimeControl "180+1"]
[EndTime "16:03:02 PDT"]
[Termination "GaiozNigalidze won by checkmate"]

1. d4 g6 2. c4 Bg7 3. e4 d6 4. Nc3 b6 5. h3 Bb7 6. Nf3 Nd7 7. Bd3 e6 8. O-O Ne7 9. Be3 O-O 10. Qd2 a6 11. Bh6 c5 12. d5 exd5 13. exd5 Nf6 14.
Rae1 Bc8 15. g4 Nxg4 16. hxg4 Bxg4 17. Bxg7 Kxg7 18. Qg5 Bxf3 19. Qxe7 Qc8 20. Qxd6 Qh3 21. Qh2 Bg4 22. Re3 Qxh2+ 23. Kxh2 h5 24. Rfe1 f5 25. f3 f4 26. Re7+ Kh6 27. fxg4 hxg4 28.
R1e6 Rg8 29. Rf7 Kg5 30. Ne4+ Kh4 31. Rh7# 1-0

[Event "Late-Titled-Tuesday-Blitz-September-05-2023"]
[Site "Chess.com"]
[Date "2023.09.05"]
[Round "11"]
[White "ketster"]
[Black "venturov"]
[Result "0-1"]
[WhiteElo "2517"]
[BlackElo "2473"]
[TimeControl "180+1"]
[EndTime "16:03:32 PDT"]
[Termination "venturov won on time"]

1. Na3 g6 2. c3 Bg7 3. d4 f5 4. e4 fxe4 5. d5 Nf6 6. Ne2 O-O 7. Ng3 c6 8. Bc4 cxd5 9. Bxd5+ e6 10. Bxe4 Nxe4 11.
Nxe4 d5 12. Ng5 Nc6 13. O-O e5 14. Nc2 e4 15. c4 dxc4 16. Qxd8 Rxd8 17. Nxe4 Bf5 18.
f3 Nd4 19. Ne3 Ne2+ 20. Kf2 Nxc1 21. Raxc1 Bxe4 22. fxe4 Rd2+ 23. Kf3 Rxb2 24. Nxc4 Rxa2 25. e5 b5 26. Nd6 Rf8+ 27. Ke4 Re2+ 28. Kd3 Rxe5 29.
Rxf8+ Bxf8 30. Rc8 Rd5+ 31. Ke4 Rxd6 32. Rxf8+ Kxf8 33. Ke5 Ke7 34. g4 Rb6 35. g5 b4 36. h4 b3 37. h5 b2 38. h6 b1=Q 0-1

[Event "Late-Titled-Tuesday-Blitz-September-05-2023"]
[Site "Chess.com"]
[Date "2023.09.05"]
[Round "11"]
[White "jorquerino"]
[Black "Chessbard1972"]
[Result "0-1"]
[WhiteElo "2341"]
[BlackElo "2489"]
[TimeControl "180+1"]
[EndTime "16:03:32 PDT"]
[Termination "Chessbard1972 won by resignation"]

1. e4 e5 2. Nc3 Nc6 3. g3 Bc5 4. Bg2 h5 5. h3 h4 6. g4 Nge7 7.
d3 Ng6 8. Be3 d6 9. Na4 Bxe3 10.
fxe3 Qg5 11. Qd2 Bd7 12. Nf3 Qe7 13. Nc3 O-O-O 14. O-O-O Be6 15. Nd5 Qd7 16. Ng5 Nce7 17. Nxe6 fxe6 18. Nc3 Kb8 19. Rdf1 Rdf8 20. d4 a6 21. b3 exd4 22. exd4 e5 23. Nd5 Nxd5 24. exd5 Nf4 25. dxe5 dxe5 26. Be4 g5 27. c4 Qd6 28. Kb2 c6 29. Rd1 cxd5 30. Bxd5 Rd8 31. Qe3 Qc7 32.
Bf3 Rhe8 33. Rhe1 Rxd1 34. Bxd1 e4 35. Bc2 Qe5+ 36. Kb1 Ng2 37. Qxe4 Nxe1 0-1

[Event "Late-Titled-Tuesday-Blitz-September-05-2023"]
[Site "Chess.com"]
[Date "2023.09.05"]
[Round "11"]
[White "DeTimmerman"]
[Black "arminmusovic"]
[Result "0-1"]
[WhiteElo "2668"]
[BlackElo "2559"]
[TimeControl "180+1"]
[EndTime "16:03:33 PDT"]
[Termination "arminmusovic won on time"]

1. e4 c6 2. d4 d5 3. e5 c5 4. dxc5 Nc6 5. a3 e6 6. b4 a5 7. Bb2 axb4 8. axb4 Rxa1 9. Bxa1 Nxb4 10. Bd4 Nc6 11. c3 Qa5 12. Nd2 Bxc5 13. Nb3 Bxd4 14.
Nxa5 Bxc3+ 15. Ke2 Bxa5 16. f4 Nge7 17. Nf3 O-O 18.
g4 Bc3 19. Kf2 d4 20. Kg3 Nd5 21. Bd3 f5 0-1

[Event "Late-Titled-Tuesday-Blitz-September-05-2023"]
[Site "Chess.com"]
[Date "2023.09.05"]
[Round "11"]
[White "Dewarfd"]
[Black "Nekoo04"]
[Result "1-0"]
[WhiteElo "2207"]
[BlackElo "2273"]
[TimeControl "180+1"]
[EndTime "16:03:39 PDT"]
[Termination "Dewarfd won on time"]

1. d4 Nf6 2. e3 d5 3. Nf3 Bg4 4. h3 Bh5 5. g4 Bg6 6. Ne5 Nbd7 7. h4 h5 8. Nxg6 fxg6 9. Bd3 Ne4 10. Qf3 hxg4 11.
Bxe4 dxe4 12. Qxe4 Kf7 13. Qxg4 Nf6 14. Qe2 g5 15. h5 Qd5 16. f3 g4 17. e4 Qxd4 18. fxg4 e5 19. Nc3 Bb4 20. Bd2 Bxc3 21. Bxc3 Qxe4 22. Qxe4 Nxe4 23. Rf1+ Ke6 24. O-O-O Nxc3 25.
bxc3 1-0

[Event "Late-Titled-Tuesday-Blitz-September-05-2023"]
[Site "Chess.com"]
[Date "2023.09.05"]
[Round "11"]
[White "tteshan"]
[Black "traack"]
[Result "1-0"]
[WhiteElo "2554"]
[BlackElo "2368"]
[TimeControl "180+1"]
[EndTime "16:03:43 PDT"]
[Termination "tteshan won by resignation"]

1. e4 c5 2. Nf3 e6 3. c3 Nf6 4. e5 Nd5 5. Bc4 Nb6 6. Bb3 c4 7. Bc2 d5 8. O-O Be7 9. d4 cxd3 10. Qxd3 Nc6 11. Bf4 Bd7 12. Nbd2 Rc8 13. Rfe1 h6 14.
Nf1 g5 15. Bg3 Nc4 16. b3 Na3 17. Bd1 Na5 18. Nd4 Qc7 19. Rc1 a6 20. Ne3 Nb5 21. Nxb5 Bxb5 22. Qd2 Ba3 23. Rc2 h5 24. Nxd5 exd5 25.
e6 Bd6 26. exf7+ Kf8 27. Qxg5 h4 28. Bxd6+ Qxd6 29. Bg4 Rc7 30. Re6 Re7 31. Qf6 Rh7 32. h3 Rxe6 33. Bxe6 Bd7 34. Qd8+ Kg7 35. Qg8+ Kh6 36.
f8=Q+ Qxf8 37. Qxf8+ 1-0

[Event "Late-Titled-Tuesday-Blitz-September-05-2023"]
[Site "Chess.com"]
[Date "2023.09.05"]
[Round "11"]
[White "dosto07"]
[Black "TC2304"]
[Result "1-0"]
[WhiteElo "2499"]
[BlackElo "2346"]
[TimeControl "180+1"]
[EndTime "16:03:44 PDT"]
[Termination "dosto07 won by resignation"]

1. e4 e6 2. d4 d5 3. Nd2 dxe4 4.
Nxe4 Bd7 5. Nf3 Bc6 6. Bd3 Nd7 7. O-O Ngf6 8. Ng3 Be7 9. b3 O-O 10. Bb2 Bxf3 11. Qxf3 c6 12. Rfe1 a5 13. a3 a4 14. b4 Qc7 15. Nf5 exf5 16. Rxe7 Nd5 17. Qxf5 N5f6 18. d5 Qd6 19. Bxf6 Nxf6 20. Rxb7 cxd5 21.
Rd1 Rac8 22. h3 Rc3 23. Ra7 Rxa3 24. Ra6 Rxd3 25. Rxd6 Rxd1+ 26. Kh2 Ra8 27. Ra6 Re8 28. Rxf6 g6 29. Qd7 Rf8 30. Qxa4 Kg7 31. Rf3 1-0

[Event "Late-Titled-Tuesday-Blitz-September-05-2023"]
[Site "Chess.com"]
[Date "2023.09.05"]
[Round "11"]
[White "sjoerd893"]
[Black "CrushingKings"]
[Result "1-0"]
[WhiteElo "2469"]
[BlackElo "2536"]
[TimeControl "180+1"]
[EndTime "16:03:47 PDT"]
[Termination "sjoerd893 won by resignation"]

1. e4 g6 2. d4 Bg7 3. Nf3 c6 4.
Nc3 d5 5. e5 f6 6. Bf4 Bg4 7. Be2 Bxf3 8. Bxf3 fxe5 9. Bxe5 Bxe5 10. dxe5 Nd7 11. Qd4 Qb6 12. Qf4 Qc7 13. O-O Qxe5 14.
Qb4 O-O-O 15. Rfe1 Qd6 16. Qd4 e5 17. Qxa7 Ngf6 18.
a4 e4 19. Be2 d4 20. a5 Qc5 21. Qxc5 Nxc5 22. Na4 Nxa4 23. Rxa4 d3 24. cxd3 exd3 25. Bf3 d2 26. Rd1 Rhe8 27. Kf1 Re5 28. a6 b5 29.
a7 Kb7 30. a8=Q+ Rxa8 31. Bxc6+ Kxc6 32. Rxa8 Rd5 33. Rc8+ Kd7 34. Rc2 Ne4 35. f3 1-0

[Event "Late-Titled-Tuesday-Blitz-September-05-2023"]
[Site "Chess.com"]
[Date "2023.09.05"]
[Round "11"]
[White "AndreiITrifan"]
[Black "micke12a"]
[Result "1-0"]
[WhiteElo "2642"]
[BlackElo "2359"]
[TimeControl "180+1"]
[EndTime "16:03:54 PDT"]
[Termination "AndreiITrifan won on time"]

1. Nf3 Nf6 2. c4 c6 3. e3 d5 4. Nc3 g6 5. Be2 Bg7 6. O-O O-O 7. b3 Ne4 8. Bb2 Nxc3 9. Bxc3 Bxc3 10. dxc3 dxc4 11.
Bxc4 Nd7 12. Qc2 Nb6 13. Rfd1 Qc7 14. Be2 Kg7 15. c4 c5 16. h3 h6 17. Rd2 Be6 18. Rad1 Rfd8 19. Qc3+ f6 20. Qc2 Rxd2 21. Qxd2 a5 22.
Qc2 Bf5 23. Bd3 Bxd3 24. Qxd3 Qc6 25. Nh4 f5 26. Nf3 Qf6 27. e4 f4 28. e5 Qe6 29.
Qe4 g5 30. Qxb7 a4 31. Qe4 axb3 32. axb3 Qg6 33. Qb7 Nc8 34. Qxa8 1-0

[Event "Late-Titled-Tuesday-Blitz-September-05-2023"]
[Site "Chess.com"]
[Date "2023.09.05"]
[Round "11"]
[White "eljanov"]
[Black "Jospem"]
[Result "0-1"]
[WhiteElo "2886"]
[BlackElo "3036"]
[TimeControl "180+1"]
[EndTime "16:04:05 PDT"]
[Termination "Jospem won by resignation"]

1. d4 Nf6 2. c4 g6 3. Nc3 Bg7 4. e4 d6 5. Be2 O-O 6. Be3 a5 7. Nf3 Bg4 8. O-O Nbd7 9. Nd2 Bxe2 10.
Qxe2 c6 11. f4 Ne8 12. e5 c5 13. dxc5 dxe5 14. f5 gxf5 15. Rxf5 e6 16. Rg5 f5 17. Nf3 Qe7 18. Rd1 Rc8 19. Na4 e4 20. Qd2 Nxc5 21.
Nxc5 Rxc5 22. Bxc5 Qxc5+ 23. Qd4 Qe7 24. Rxg7+ Qxg7 25. Ne5 Nf6 26. Qb6 Re8 27. Qxa5 f4 28. Rd8 f3 29. g3 Qg5 30. Rxe8+ Nxe8 31. Qc3 Nf6 32. Kf2 Qxe5 0-1

[Event "Late-Titled-Tuesday-Blitz-September-05-2023"]
[Site "Chess.com"]
[Date "2023.09.05"]
[Round "11"]
[White "DawidCzerw"]
[Black "EsmeraldasAnderson03"]
[Result "1-0"]
[WhiteElo "2498"]
[BlackElo "2417"]
[TimeControl "180+1"]
[EndTime "16:04:06 PDT"]
[Termination "DawidCzerw won on time"]

1. e4 c5 2. Nf3 d6 3. d4 cxd4 4. Nxd4 Nf6 5. Nc3 a6 6. h4 e5 7. Nb3 Be7 8. Be2 h5 9. Bg5 Be6 10. Qd2 Nbd7 11. O-O-O b5 12. Nd5 Nxe4 13. Qe1 Nxg5 14.
hxg5 Bxg5+ 15. Kb1 g6 16. g4 h4 17. f4 exf4 18.
Bd3 Ne5 19. Be4 Rc8 20. Nd4 Bxg4 21. Rd2 Kf8 22. Rg2 h3 23. Bxg6 fxg6 24. Rxg4 Nxg4 25. Ne6+ Kf7 26. Nxd8+ Bxd8 27. Nxf4 Ne5 28. Nxh3 Bf6 29. Nf4 g5 30. Nd5 Ke6 31. Nxf6 Kxf6 32. Rf1+ Ke6 33. b3 g4 34. Qe4 Rcf8 35. Re1 Rhg8 36.
Rd1 1-0

[Event "Late-Titled-Tuesday-Blitz-September-05-2023"]
[Site "Chess.com"]
[Date "2023.09.05"]
[Round "11"]
[White "whiteglovethief"]
[Black "Truequitos"]
[Result "1-0"]
[WhiteElo "2506"]
[BlackElo "2439"]
[TimeControl "180+1"]
[EndTime "16:04:07 PDT"]
[Termination "whiteglovethief won by resignation"]

1. d4 Nf6 2. c4 d6 3. Nc3 e5 4. d5 e4 5. Bg5 Bf5 6. Qb3 b6 7. f3 exf3 8. gxf3 Nbd7 9. e4 Bg6 10. c5 Nxc5 11. Bb5+ Ncd7 12. Qc4 Be7 13. Bc6 Rb8 14.
O-O-O O-O 15. h4 Ne5 16. Qe2 Nxc6 17. dxc6 h6 18. h5 Bh7 19. Be3 Qc8 20. Qg2 Kh8 21.
Nge2 Qa6 22. Rdg1 Rg8 23. Nf4 b5 24. Ng6+ fxg6 25. hxg6 Bf8 26. gxh7 Nxh7 27. Rxh6 g5 28. Bd4+ Bg7 29. Qxg5 Bxd4 30. Rxh7+ 1-0

[Event "Late-Titled-Tuesday-Blitz-September-05-2023"]
[Site "Chess.com"]
[Date "2023.09.05"]
[Round "11"]
[White "PapaieDudu"]
[Black "Michalczak"]
[Result "0-1"]
[WhiteElo "2297"]
[BlackElo "2494"]
[TimeControl "180+1"]
[EndTime "16:04:09 PDT"]
[Termination "Michalczak won on time"]

1. e4 e5 2. f4 exf4 3. Nf3 g5 4. Bc4 Bg7 5. d4 d6 6. Nc3 Nc6 7. h3 h6 8. b4 Nxb4 9. Rb1 Nc6 10. O-O Nf6 11. Qe2 Qe7 12. e5 dxe5 13.
dxe5 Nh5 14. Nd5 Qc5+ 15. Be3 fxe3 16. Rb5 Ng3 17. Qd3 e2+ 18. Rf2 Nxe5 19. Rxc5 Nxd3 20. Nxc7+ Kf8 21. Bxd3 Bg4 0-1

[Event "Late-Titled-Tuesday-Blitz-September-05-2023"]
[Site "Chess.com"]
[Date "2023.09.05"]
[Round "11"]
[White "Valio_M1948"]
[Black "Defenstrator"]
[Result "1-0"]
[WhiteElo "2541"]
[BlackElo "2339"]
[TimeControl "180+1"]
[EndTime "16:04:11 PDT"]
[Termination "Valio_M1948 won by resignation"]

1. d4 Nf6 2. Bg5 Ne4 3. Bf4 Nf6 4. e3 e6 5. Bd3 d5 6. Nf3 Bd6 7. O-O c5 8. c3 Qc7 9. Bxd6 Qxd6 10. dxc5 Qxc5 11.
Nbd2 Nc6 12. e4 O-O 13. e5 Ng4 14. Bxh7+ Kh8 15. Ng5 Nh6 16. Qe2 f6 17. exf6 gxf6 18. Qh5 Qe7 19. Qxh6 Qg7 20. Qxg7+ Kxg7 21. Bc2 fxg5 22.
Rfe1 e5 23. Nf3 e4 24. Nxg5 Kg6 25. Nf3 Bf5 26. Nh4+ Kg5 27. Nxf5 Rxf5 28. f3 Raf8 29. fxe4 Rf2 30. Rf1 1-0

[Event "Late-Titled-Tuesday-Blitz-September-05-2023"]
[Site "Chess.com"]
[Date "2023.09.05"]
[Round "11"]
[White "Fengwi"]
[Black "FredddieCroderg"]
[Result "1-0"]
[WhiteElo "2430"]
[BlackElo "2288"]
[TimeControl "180+1"]
[EndTime "16:04:14 PDT"]
[Termination "Fengwi won by resignation"]

1. Nf3 Nf6 2. b3 g6 3. Bb2 Bg7 4. g3 b5 5. Bg2 Bb7 6. O-O O-O 7. a4 b4 8. d3 c5 9. e4 d6 10. Nbd2 Nc6 11. Qe2 Rc8 12. Rad1 Nd4 13. Nxd4 cxd4 14. Nc4 e5 15. f4 Qe7 16. Bc1 Ba6 17. Bh3 Rc7 18. fxe5 dxe5 19. Bg5 Bxc4 20. bxc4 Qd6 21. a5 Nd7 22. Rb1 Nc5 23. Bd2 Na6 24.
Rb3 Qc5 25. Ra1 Rb8 26. Qe1 Bf8 27. Bg4 h5 28. Bf3 Kh7 29. g4 hxg4 30. Bxg4 Bh6 31. Qh4 Qf8 32. Rf1 Rc6 33. Rf3 g5 34. Bxg5 Rg6 35.
Bf5 Rb6 36. Rh3 Kg8 37. Bxg6 Rxg6 38. Rg3 Qg7 39. Bxh6 1-0

[Event "Late-Titled-Tuesday-Blitz-September-05-2023"]
[Site "Chess.com"]
[Date "2023.09.05"]
[Round "11"]
[White "Jaka_Brilej"]
[Black "GAO"]
[Result "0-1"]
[WhiteElo "2424"]
[BlackElo "2310"]
[TimeControl "180+1"]
[EndTime "16:04:19 PDT"]
[Termination "GAO won by checkmate"]

1. e4 Na6 2. g3 e5 3. Bg2 Nf6 4. Nc3 Nc5 5. d3 g6 6. Bg5 c6 7. Qf3 Be7 8. Bxf6 Bxf6 9. Nge2 Ne6 10. O-O O-O 11. Qe3 Be7 12. f4 Bc5 13. d4 exd4 14. Qd3 dxc3+ 15. Kh1 cxb2 16. Rab1 d5 17. f5 dxe4 18. Qxe4 Nd4 19. fxg6 hxg6 20. Rfd1 Bf5 21. Qe5 Re8 22. Qxc5 Rxe2 23. Rxd4 Qe8 24. Bf1 Re1 25. Rdd1 Rxd1 26. Rxd1 Qe4+ 27. Bg2 Qxc2 28. Qd6 b1=Q 29. Bf3 Qbxa2 30. g4 Qe6 31. Qg3 Be4 32. Re1 Bxf3+ 33. Kg1 Qxe1+ 34. Qxe1 Rd8 35. Qf1 Be4 36. h4 Rd2 37. h5 Rh2 38. hxg6 Rh1# 0-1

[Event "Late-Titled-Tuesday-Blitz-September-05-2023"]
[Site "Chess.com"]
[Date "2023.09.05"]
[Round "11"]
[White "Grossboss19"]
[Black "Alexei_Gubajdullin"]
[Result "1-0"]
[WhiteElo "2512"]
[BlackElo "2578"]
[TimeControl "180+1"]
[EndTime "16:04:22 PDT"]
[Termination "Grossboss19 won by resignation"]

1. Nf3 Nf6 2. c4 g6 3. d4 Bg7 4. Nc3 O-O 5. e4 d6 6. Be2 Na6 7. O-O e5 8. d5 Nc5 9. Nd2 Bh6 10. Qc2 a5 11. Rb1 Nh5 12. Bxh5 gxh5 13. Nb3 Bxc1 14. Rbxc1 Nxb3 15. axb3 h4 16. f4 exf4 17. Rxf4 Qg5 18. Rcf1 f6 19. Qf2 h3 20. g3 Kg7 21. e5 dxe5 22. Ne4 Qg6 23. Rxf6 Rxf6 24. Nxf6 h6 25.
Nh5+ Kg8 26. Qf8+ Kh7 27. Rf7+ 1-0

[Event "Late-Titled-Tuesday-Blitz-September-05-2023"]
[Site "Chess.com"]
[Date "2023.09.05"]
[Round "11"]
[White "MariaFominykh"]
[Black "Nikachu"]
[Result "1-0"]
[WhiteElo "2267"]
[BlackElo "2168"]
[TimeControl "180+1"]
[EndTime "16:04:22 PDT"]
[Termination "MariaFominykh won on time"]

1. d4 Nf6 2. c4 g6 3. Nc3 d5 4.
cxd5 Nxd5 5. Bd2 Bg7 6. e4 Nb6 7. Be3 O-O 8. Nf3 Nc6 9. Be2 e5 10. d5 Na5 11. Qc2 c6 12. O-O cxd5 13. Bxb6 axb6 14. Nxd5 Bg4 15. Rfd1 Bxf3 16. Bxf3 Nc6 17. Qb3 Nd4 18. Qxb6 Qg5 19. Rd3 Rac8 20. Rad1 Rc2 21.
Qxb7 Rc1 22. Kf1 Rfc8 23. Ne7+ Kf8 24. Nxc8 Nxf3 25. Qb4+ Ke8 26. Nd6+ Kf8 27. Nf5+ 1-0

[Event "Late-Titled-Tuesday-Blitz-September-05-2023"]
[Site "Chess.com"]
[Date "2023.09.05"]
[Round "11"]
[White "tylityli"]
[Black "Tomytoteph"]
[Result "0-1"]
[WhiteElo "2315"]
[BlackElo "2572"]
[TimeControl "180+1"]
[EndTime "16:04:23 PDT"]
[Termination "Tomytoteph won on time"]

1. d4 Nf6 2. c4 e6 3. Nc3 Bb4 4. e3 O-O 5. Ne2 b6 6. a3 Bxc3+ 7. Nxc3 Bb7 8. d5 exd5 9. cxd5 Re8 10. Be2 d6 11. O-O Nbd7 12. b4 a5 13. Bb2 Ne5 14.
b5 Bc8 15. h3 Qe7 16. Qd4 Bf5 17. e4 Bg6 18. f4 Ned7 19. f5 Bh5 20. g4 Nc5 21. gxh5 Nb3 22. Qd3 Nxa1 23. Bxa1 Nxe4 24. Bf3 Qg5+ 25. Bg2 Nc5 26. Qc2 Re7 27. f6 gxf6 28. Ne2 Qe3+ 29. Rf2 Nd3 30. Bd4 Ne1 31. Qf5 Qg5 32.
Qxf6 Qxf6 33. Bxf6 Re3 34. Kf1 Nd3 35. Rf3 Rxf3+ 36.
Bxf3 Re8 37. Ng3 Re1+ 0-1

[Event "Late-Titled-Tuesday-Blitz-September-05-2023"]
[Site "Chess.com"]
[Date "2023.09.05"]
[Round "11"]
[White "KATPAH"]
[Black "reevecanada"]
[Result "1-0"]
[WhiteElo "2667"]
[BlackElo "2533"]
[TimeControl "180+1"]
[EndTime "16:04:25 PDT"]
[Termination "KATPAH won by checkmate"]

1. e4 c5 2. b4 cxb4 3. a3 bxa3 4. Bxa3 d6 5. Nc3 Nd7 6. Nf3 Ngf6 7. Bc4 e6 8. O-O Ne5 9. Nxe5 dxe5 10. Bxf8 Kxf8 11. Bb3 Qc7 12. Nb5 Qb6 13. Nc3 g6 14. Kh1 Kg7 15. f4 exf4 16. Rxf4 e5 17. Rf1 Be6 18.
Rb1 Bxb3 19. Rxb3 Qc6 20. Qf3 Rhd8 21. Nd5 Rd6 22. Rc3 Qa6 23. Nc7 Qxf1+ 24. Qxf1 Rad8 25. Rd3 Nxe4 26. Rxd6 Rxd6 27. d3 Nf6 28. h3 Rc6 29. Nb5 Rxc2 30. Qf3 a6 31. Nd6 Rc7 32. Kh2 Rd7 33.
Nxb7 e4 34. dxe4 Rxb7 35. e5 Rb6 36. exf6+ Rxf6 37. Qc3 g5 38. Qc8 Re6 39. Qd8 h6 40. Qd4+ Kh7 41. Qd3+ Kg7 42. Kg3 Rf6 43. Qc3 Kg6 44.
Qc2+ Kg7 45. Qb2 Kg6 46. Qb1+ Kg7 47. Qa1 Kg6 48. Qa4 h5 49. Qe4+ Kg7 50. Qe5 Kg6 51. h4 gxh4+ 52. Kxh4 Rf5 53. Qe4 a5 54. g4 hxg4 55.
Kxg4 Kg7 56. Kxf5 a4 57. Qe5+ Kh7 58. Kf6 a3 59. Qh5+ Kg8 60. Qxf7+ Kh8 61. Kg6 a2 62. Qg7# 1-0

[Event "Late-Titled-Tuesday-Blitz-September-05-2023"]
[Site "Chess.com"]
[Date "2023.09.05"]
[Round "11"]
[White "GoltsevDmitry2000"]
[Black "DvaHrasta"]
[Result "0-1"]
[WhiteElo "2629"]
[BlackElo "2529"]
[TimeControl "180+1"]
[EndTime "16:04:25 PDT"]
[Termination "DvaHrasta won by checkmate"]

1. e4 c6 2. Nf3 d5 3. Nc3 Nf6 4. exd5 cxd5 5. d4 Nc6 6. Bd3 Bg4 7.
Ne2 Bxf3 8. gxf3 g6 9. h4 Bg7 10. c3 O-O 11. Bg5 e5 12. h5 exd4 13. hxg6 fxg6 14.
cxd4 Qa5+ 15. Kf1 Nh5 16. Kg2 Rae8 17. Qb3 Rxe2 18. Bxe2 Nxd4 19. Qd1 Ne6 20. Be3 Nhf4+ 21. Bxf4 Nxf4+ 22. Kf1 Bxb2 23. Rb1 Qc3 24. Qe1 Qxe1+ 25. Kxe1 Bc3+ 26. Kd1 b6 27. Bb5 h5 28. Kc2 Bd4 29.
Rhe1 Rc8+ 30. Kb3 Rc3+ 31. Ka4 Rxf3 32. Rbc1 Bc5 33. Bd7 a6 34. Rxc5 bxc5 35. Rf1 Kg7 36. Ka5 Ra3+ 37. Kb6 c4 38. Kc5 Rxa2 39. f3 Kf6 40.
Rb1 Rb2 41. Ra1 c3 42. Kd4 c2 43. Kc3 Rb7 44. Rxa6+ Kg5 45. Kxc2 Rxd7 46. Kd2 Re7 47. Kc3 h4 48. Kd4 h3 49. Ra2 Kh4 50. Rc2 Kg3 51. Rc1 h2 52. Ra1 Ne2+ 53. Kd3 Ng1 54. f4 h1=Q 55. f5 Qe4+ 56. Kd2 Qe3+ 57. Kc2 Rc7+ 58. Kb2 Qc3+ 59. Kb1 Rb7+ 60. Ka2 Qb2# 0-1

[Event "Late-Titled-Tuesday-Blitz-September-05-2023"]
[Site "Chess.com"]
[Date "2023.09.05"]
[Round "11"]
[White "InadaC"]
[Black "CraiggoryC"]
[Result "0-1"]
[WhiteElo "2137"]
[BlackElo "2222"]
[TimeControl "180+1"]
[EndTime "16:04:25 PDT"]
[Termination "CraiggoryC won by checkmate"]

1. d4 e6 2. c4 Nf6 3. Nc3 d5 4. cxd5 exd5 5. Bg5 c6 6. e3 Be7 7. Bd3 O-O 8. Nge2 Nbd7 9. f3 Re8 10. Bh4 Nf8 11.
Bf2 b5 12. a3 a5 13. O-O Be6 14.
e4 b4 15. axb4 axb4 16. Rxa8 Qxa8 17. Na4 dxe4 18. fxe4 Ng4 19. Nf4 Qb8 20. e5 Nxf2 21. Rxf2 Rd8 22. Nxe6 Nxe6 23. Qh5 g6 24. Qf3 Ng5 25. Qxc6 Rxd4 26. h4 Rxd3 27. hxg5 Bxg5 28. Qc4 Rd1+ 29. Rf1 Rxf1+ 30. Kxf1 Qxe5 31. Qxb4 h5 32. Nc3 Be3 33. Qb7 Qf4+ 34. Qf3 Qxf3+ 35. gxf3 g5 36. Nd5 Bd4 37. b4 Kf8 38. Kg2 Ke8 39. b5 Kd7 40. Nb4 Kd6 41. Nc6 Bb6 42. Kg3 Kc5 43. Ne5 Bc7 44.
f4 gxf4+ 45. Kxf4 f6 46. b6 Bxe5+ 47. Kf5 Kxb6 48. Kg6 Kc5 49. Kxh5 Kd4 50. Kg4 Ke3 51. Kh3 f5 52. Kg2 Ke2 53. Kh3 f4 54. Kg2 f3+ 55.
Kh1 f2 56. Kg2 f1=Q# 0-1

[Event "Late-Titled-Tuesday-Blitz-September-05-2023"]
[Site "Chess.com"]
[Date "2023.09.05"]
[Round "11"]
[White "DeArron_Fox"]
[Black "Matibar"]
[Result "0-1"]
[WhiteElo "2497"]
[BlackElo "2863"]
[TimeControl "180+1"]
[EndTime "16:04:27 PDT"]
[Termination "Matibar won by resignation"]

1. d4 Nf6 2. c4 Nc6 3. Nf3 e6 4. Nc3 Bb4 5. Qc2 O-O 6. e3 d5 7. Bd3 dxc4 8. Bxc4 e5 9. dxe5 Ng4 10. e6 Bxe6 11. Bxe6 fxe6 12. Qe4 Qf6 13. O-O Bxc3 14. Qxg4 Ba5 15. e4 Bb6 16. Bd2 Nd4 17. Bc3 Ne2+ 18.
Kh1 Nxc3 19. bxc3 h6 20. Rad1 Rad8 21. e5 Qf7 22. Nd4 Bxd4 23. cxd4 Qf5 24. Qe2 Rd5 25. f4 Rfd8 26. Qe3 c5 27. Rc1 cxd4 28. Qg3 d3 29.
Rc7 R5d7 30. Rxd7 Rxd7 31. Rd1 d2 32. Qh3 Qxh3 33. gxh3 Kf7 34. Kg2 Kg6 35. Kf2 Kf5 36. Ke3 b5 37. h4 a5 38. a3 b4 39. axb4 axb4 0-1

[Event "Late-Titled-Tuesday-Blitz-September-05-2023"]
[Site "Chess.com"]
[Date "2023.09.05"]
[Round "11"]
[White "Schwindle"]
[Black "Haykoooo0o"]
[Result "1-0"]
[WhiteElo "2431"]
[BlackElo "2482"]
[TimeControl "180+1"]
[EndTime "16:04:41 PDT"]
[Termination "Schwindle won by resignation"]

1. e4 c6 2. Nf3 d5 3. Nc3 Bg4 4. h3 Bxf3 5. Qxf3 e6 6. d3 Nf6 7. g3 Be7 8. Bg2 O-O 9. O-O Na6 10. Qe2 Nc5 11. e5 Nfd7 12. d4 Na6 13. Nd1 c5 14. c3 cxd4 15. cxd4 Nb4 16. Be3 Rc8 17. Nc3 Qb6 18. f4 Nc6 19. Rad1 Na5 20. f5 Nc4 21. f6 gxf6 22. Bh6 Kh8 23. Bxf8 Bxf8 24. Qh5 Kg8 25. exf6 Nxb2 26. Rf4 Nxd1 27. Qg5+ Kh8 28. Rg4 Qxd4+ 29. Rxd4 Nxc3 30. Rg4 1-0